AoeStats
← 當場嚇一跳原來開玩笑

Arabia

509851646Analyzed
1v1 RM · 5d ago on Sep 28, 2026· 17m 21s· 2 players
Game mode
Random Map
Map size
Tiny (2 player)
Population
200
Speed
Normal
Resources
Standard
Victory
Conquest
Starting age
Dark Age
Ending age
Imperial Age
RankedLock teamsTeams togetherTeam positionsShared explorationLock speedFull tech treeHidden civsTurbo modeCheats
Victory
Defeat
1156
+18
🇭🇰 Byzantines · Hong Kong SAR China
1189
-18
Hot Lemon Water
6:08 Loom
9:31 Feudal Age
10:16 Double-Bit Axe
11:35 Horse Collar
14:26 Man-at-Arms
當場嚇一跳原來開玩笑
0:25 Loom
8:35 Feudal Age
12:00 Fletching
Connection lost

Rejoining the realm…

Still unreachable

The connection could not be restored.

Session expired

The server has moved on; the page needs a fresh start.